 Dungeon Crawl Stone Soup version 0.31-a0-365-gcf821cafb2 (webtiles) character file.

Game seed: 17801053967658217686

3 mdonais the Conjurer (level 1, 0/14 HPs)
             Began as an Octopode Reaver on July 28, 2023.
             Slain by a hobgoblin (5 damage)
             ... on level 1 of the Dungeon.
             The game lasted 00:00:18 (36 turns).

mdonais the Conjurer (Octopode Reaver)                Turns: 36, Time: 00:00:19

Health: 0/14       AC:  1    Str: 11    XL:     1   Next: 50%
Magic:  3/3        EV: 13    Int: 15    God:
Gold:   0          SH:  0    Dex: 10    Spells: 3/4 levels left

rFire   . .          .
                       - Unarmed
rCold   . . .        (no shield)
rNeg    . . .        (helmet restricted)
rPois   .            (no amulet)
rElec   .            (no ring)
rCorr   .            (no ring)
SInv    .            (no ring)
Will    .....        (no ring)
Stlth   +++          (no ring)
HPRegen 0.22/turn    (no ring)
MPRegen 0.08/turn    (no ring)
                     (no ring)

%: no passive effects
@: no status effects
A: almost no armour, amphibious, 8 rings, camouflage 1, gelatinous body 1,
(nimble swimmer 1), tentacles
a: no special abilities


You were on level 1 of the Dungeon.
You visited 1 branch of the dungeon, and saw 1 of its levels.

Inventory:

Scrolls
 a - a scroll of teleportation {unknown}
 b - a scroll of fog {unknown}


   Skills:
 - Level 2.0 Fighting
 - Level 2.0 Dodging
 + Level 1.5 Stealth
 - Level 3.0 Unarmed Combat
 - Level 2.0 Spellcasting
 - Level 3.0 Conjurations


You had 3 spell levels left.
You knew the following spells:

 Your Spells              Type           Power      Damage    Failure   Level
a - Kiss of Death         Conj/Necr      24%        2d7       12%         1

Your spell library contained the following spells:

 Spells                   Type           Power      Damage    Failure   Level
 Momentum Strike          Conj/Tloc      12%        3d8       19%         2
 Hailstorm                Conj/Ice       6%         3d4       34%         3


Dungeon Overview and Level Annotations

Branches:
Dungeon (1/15) Zot: 5963

Altars:


Innate Abilities, Weirdness & Mutations

You cannot wear most types of armour.
You are amphibious.
You can wear up to eight rings at the same time.
Your skin changes colour to match your surroundings (Stealth+).
Your rubbery body absorbs attacks. (AC +1, EV +1)
((You are camouflaged when in or above water. (Stealth+)))
You have tentacles for arms and can constrict up to eight enemies at once.


Message History

Welcome, mdonais the Octopode Reaver.
A smirking vizier told you that the Orb of Zot is just within this dungeon.
Press ? for a list of commands and other information.
Found a scroll labelled MUOFUA UTWETT.
Found a staircase leading out of the dungeon.
a - a scroll labelled MUOFUA UTWETT
b - a scroll labelled SALLIUREOV A kobold comes into view.
It is wielding a +0 club.
Found a ruby potion.
Found an escape hatch in the floor.
The kobold shouts!
You hear a shout!
The kobold moves out of view.
A kobold is nearby!
The kobold throws a stone.
The stone misses you.
Found a scroll labelled XYIHEA MOTORO.
You tentacle-slap the kobold. You grab the kobold.
The kobold is severely wounded.
You constrict the kobold.
You kill the kobold!
A dart slug comes into view.
A hobgoblin comes into view.
Things that are here:
a +0 club; 5 stones; a kobold corpse
Found a stone staircase leading down.
The hobgoblin shouts!
You tentacle-slap the dart slug but do no damage.
You grab the dart slug. You squeeze the dart slug.
The dart slug is heavily wounded.
You constrict the dart slug.
You hear a shout!
The dart slug launches a dart at you. The slug dart hits you.
You hear a shout!
You take 3 damage, and have 11/14 hp.
MASSIVE DAMAGE!!
You tentacle-slap the dart slug but do no damage.
You squeeze the dart slug.
The dart slug is severely wounded.
You constrict the dart slug.
A goblin comes into view. It is wielding a +0 club.
The dart slug bites you.
You take 2 damage, and have 9/14 hp.
You tentacle-slap the dart slug.
You kill the dart slug!
Your Stealth skill increases to level 1!
Found an emerald potion.
The hobgoblin hits you.
* * * LOW HITPOINT WARNING * * *
You see here a dart slug corpse.
You take 5 damage, and have 4/14 hp.
MASSIVE DAMAGE!!
You are too injured to fight recklessly!
You are too injured to fight recklessly!
You tentacle-slap the hobgoblin but do no damage.
Your grab misses the hobgoblin. The hobgoblin misses you.
You tentacle-slap the hobgoblin. You grab the hobgoblin.
You tentacle-slap the hobgoblin, but do no damage.
The hobgoblin is almost dead.
You constrict the hobgoblin, but do no damage.
The hobgoblin hits you.
You die...

#∩ ...!... #.. ......#
#⌠. ......# .. ......#
####.##..... .....#...
## #..gg#' ..######.@.#
♣♣♣♣♣♣♣..#....)...#
P..PP..♣ #...>....#
P..P...♣.#....!.......
.PP...P♣.#.#######..?.#
.P.<.PP♣.#............#
P...P..♣.#.........>#.#
...PP..♣.#.......####.#
..P..PP♣.#.......#


You could see a hobgoblin and a goblin.

Vanquished Creatures
  A dart slug (D:1)
  A kobold (D:1)
2 creatures vanquished.

Notes
Turn   | Place    | Note
-------+----------+-------------------------------------------
     0 | D:1      | mdonais the Octopode Reaver began the quest for the Orb.
     0 | D:1      | Reached XP level 1. HP: 14/14 MP: 3/3
    34 | D:1      | Reached skill level 1 in Stealth
    36 | D:1      | Slain by a hobgoblin

Illustrated notes

Levels and vault maps discovered:
D:1:      scummos_arrival_checkerplants, layout_basic, serial_shops, shop, shop,
          nicolae_shop_tiny_real_fake_doors, ebering_ecumenical_altar_abandoned

Skill      XL: |  1 |
---------------+----+-----
Stealth        | 1 |  1.5
Fighting       | |  2.0
Dodging        | |  2.0
Unarmed Combat | |  3.0
Spellcasting   | |  2.0
Conjurations   | |  3.0

Action                     || total
---------------------------++-------
  Melee: Unarmed           ||     6
         Constrict         ||     3
         Tentacles         ||     2
         Punch             ||     1
  Dodge: Dodged            ||     2

Table legend: (Time is in decaauts)
 A = Elapsed time spent in this place.
 B = Non-inter-level travel time spent in this place.
 C = Inter-level travel time spent in this place.
 D = Time resting spent in this place.
 E = Time spent auto-exploring this place.
 F = Levels seen in this place.
 G = Mean time per level.
                   A        B        C        D        E       F      G
               +--------+--------+--------+--------+--------+-----+--------+
         Total |     35 |     35 |      0 |      0 |     23 |   1 |   35.0 |
       Dungeon |     35 |     35 |      0 |      0 |     23 |   1 |   35.0 |
               +--------+--------+--------+--------+--------+-----+--------+

Top non-repeatable levels by time:
     D:1: 35 daAuts
